 Dungeon Crawl Stone Soup version 0.32-a0-468-g38b2580584 (webtiles) character file.

Game seed: 10818771414757829795

42 anacleto the Digger (level 3, 0/19 HPs)
             Began as a Deep Elf Earth Elementalist on Feb 24, 2024.
             Slain by a gnoll
             ... wielding a +0 club
              (8 damage)
             ... on level 2 of the Dungeon.
             The game lasted 00:02:15 (1051 turns).

anacleto the Digger (Deep Elf Earth Elementalist)   Turns: 1051, Time: 00:02:17

Health: 0/19       AC:  2    Str:  5    XL:     3   Next: 33%
Magic:  1/9        EV: 13    Int: 21    God:
Gold:   54         SH:  0    Dex: 15    Spells: 7/8 levels left

rFire   . . .        (no weapon)
rCold   . . .        (no shield)
rNeg    . . .        a - +0 robe
rPois   .            (no helmet)
rElec   .            (no cloak)
rCorr   .            (no gloves)
SInv    .            (no boots)
Will    .....        (no amulet)
Stlth   ++           (no ring)
HPRegen 0.23/turn    (no ring)
MPRegen 0.11/turn

%: no passive effects
@: no status effects
A: no striking features
a: no special abilities


You were on level 2 of the Dungeon.
You visited 1 branch of the dungeon, and saw 2 of its levels.

You collected 54 gold pieces.

Inventory:

Armour
 a - a +0 robe (worn)
Scrolls
 c - a scroll of identify {unknown}
 f - a scroll of teleportation {unknown}
Potions
 b - a potion of magic
 d - 4 potions of curing {unknown}
 e - a potion of might {unknown}


   Skills:
 + Level 2.9 Dodging
 + Level 2.9 Stealth
 + Level 3.3 Spellcasting
 * Level 1.9 Conjurations
 * Level 3.9 Earth Magic


You had 7 spell levels left.
You knew the following spells:

 Your Spells              Type           Power      Damage    Failure   Level
a - Sandblast             Erth           38%        2d10      2%          1

Your spell library contained the following spells:

 Spells                   Type           Power      Damage    Failure   Level
 Magic Dart               Conj           44%        1d5       6%          1
 Passwall                 Erth           19%        N/A       8%          3
 Stone Arrow              Conj/Erth      30%        3d8       12%         3
 Blink                    Tloc           6%         N/A       19%         2
 Call Imp                 Summ           6%         N/A       19%         2
 Brom's Barrelling Bould  Conj/Erth      15%        2d4       36%         4
 Petrify                  Alch/Erth      11%        N/A       50%         4


Dungeon Overview and Level Annotations

Branches:
Dungeon (2/15)

Altars:

Shops:
D:1 =


Message History

You kill the jackal!
Unknown command.
Aiming: Sandblast (safe; 2% risk of failure)
Press: ? - help, Q - select action Shift-Dir - straight line, f - you That would be overly suicidal.
Okay, then.
Unknown command.
Things that are here:
a +0 dagger; 5 stones; a jackal corpse A gnoll comes into view.
It is wielding a +0 club.
The gnoll shouts! 2 gnolls come into view.
A gnoll is wielding a +0 club and quivering 2 throwing nets.
The gnoll moves out of view.
Aiming: Sandblast (safe; 2% risk of failure)
Press: ? - help, Q - select action Shift-Dir - straight line, f - gnoll
Aim: a gnoll, wielding a +0 club (84% to hit)
The blast of sand hits the gnoll.
The gnoll is heavily wounded.
The gnoll throws a throwing net.
The throwing net hits you.
You become entangled in the net!
You struggle against the net.
The gnoll hits you with a +0 club.
You struggle against the net.
The gnoll barely misses you.
You shred the net and break free! The gnoll misses you.
The gnoll attacks as it pursues you! The gnoll hits you with a +0 club.
The gnoll attacks as it pursues you! The gnoll misses you.
Aiming: Sandblast (safe; 2% risk of failure)
Press: ? - help, Q - select action Shift-Dir - straight line, f/p - gnoll
Aim: a gnoll, wielding a +0 club (heavily wounded, 84% to hit)
The blast of sand hits the gnoll!
You kill the gnoll!
The gnoll hits you with a +0 club. The gnoll attacks as it pursues you!
The gnoll hits you with a +0 club.
Aiming: Sandblast (safe; 2% risk of failure)
Press: ? - help, Q - select action Shift-Dir - straight line, f - gnoll
Aim: a gnoll, wielding a +0 club and quivering a throwing net (84% to hit)
The blast of sand hits the gnoll!
The gnoll is severely wounded.
The gnoll hits you but does no damage. The gnoll hits you with a +0 club!
You die...

♣ . ##### #####♣♣.
♣♣♣♣...## ##...♣♣.♣
♣...♣♣...
###..@#♣..♣♣♣♣.♣♣♣#...
#.+.g.#♣ß...†.♣♣ #.#.
#####.#...#♣_..⌠.♣♣♣
♣♣♣♣.
...#......♣ß......♣♣♣...♣
#†#......♣..♣♣♣♣.....♣♣.
#..).....♣...♣ #♣♣♣♣♣♣..
#.)#.....♣♣..♣♣ ###
#...##......♣♣..♣#
#...##.......♣♣♣.#


You could see a gnoll.

Vanquished Creatures
  A gnoll (D:2)
  A dart slug (D:1)
  A ribbon worm (D:2)
  3 ball pythons (D:1)
  2 giant cockroaches (D:1)
  A hobgoblin (D:2)
  7 jackals
  A quokka (D:2)
  3 bats (D:1)
  A frilled lizard (D:1)
  A goblin (D:1)
  4 kobolds
26 creatures vanquished.

Notes
Turn   | Place    | Note
-------+----------+-------------------------------------------
     0 | D:1      | anacleto the Deep Elf Earth Elementalist began the quest
                  | for the Orb.
     0 | D:1      | Reached XP level 1. HP: 10/10 MP: 6/6
    16 | D:1      | Found Peves's Jewellery Emporium.
   299 | D:1      | Reached XP level 2. HP: 15/15 MP: 6/8
   949 | D:2      | Found a faded altar of an unknown god.
  1034 | D:2      | Reached XP level 3. HP: 18/19 MP: 4/9
  1051 | D:2      | Slain by a gnoll

Illustrated notes

Levels and vault maps discovered:
D:1:      nzn_arrival_depleted_hourglass, layout_basic, serial_shops, shop,
          minmay_pentomino_w2
D:2:      layout_basic, shapermc_ecumenical_altar_totnotflames, basic_altar

Action                     || total
---------------------------++-------
   Cast: Sandblast         ||    44
 Armour: Robe              ||    19
  Dodge: Dodged            ||    20

Table legend: (Time is in decaauts)
 A = Elapsed time spent in this place.
 B = Non-inter-level travel time spent in this place.
 C = Inter-level travel time spent in this place.
 D = Time resting spent in this place.
 E = Time spent auto-exploring this place.
 F = Levels seen in this place.
 G = Mean time per level.
                   A        B        C        D        E       F      G
               +--------+--------+--------+--------+--------+-----+--------+
         Total |   1073 |   1002 |     71 |    113 |    731 |   2 |  536.5 |
       Dungeon |   1073 |   1002 |     71 |    113 |    731 |   2 |  536.5 |
               +--------+--------+--------+--------+--------+-----+--------+

Top non-repeatable levels by time:
     D:1: 841 daAuts
     D:2: 232 daAuts
